 Dungeon Crawl Stone Soup version 0.29.0-4-gdea44cf6ec (webtiles) character file.

Game seed: 4700876326817903913

32023 qw the Severer (level 13, -3/122 HPs)
             Began as a Minotaur Berserker on Sept 4, 2022.
             Was an Elder of Trog.
             Slain by a death yak (9 damage)
             ... led by a torpor snail
             ... on level 4 of the Lair of Beasts.
             The game lasted 00:05:12 (15722 turns).

qw the Severer (Minotaur Berserker)                Turns: 15722, Time: 00:05:13

Health: -3/122     AC: 22    Str: 34    XL:     13   Next: 29%
Magic:  12/12      EV: 13    Int:  4    God:    Trog [****..]
Gold:   840        SH:  0    Dex: 18    Spells: 12/12 levels left

rFire   . . .      SeeInvis +   k - +12 broad axe of Chance {vorpal, Str+8 Dex-3}
rCold   . . .      Faith    .   (no shield)
rNeg    . . .      Spirit   .   f - +0 plate armour
rPois   +          Reflect  .   (helmet restricted)
rElec   .          Harm     .   h - +2 cloak "Folov" {Dex+4 SInv}
rCorr   .          Rampage  .   p - +2 pair of gloves {hurl}
Will    .....                   (no boots)
Stlth   ..........              n - amulet of the acrobat
HPRegen 0.30/turn               g - +6 ring of dexterity
MPRegen 0.13/turn               r - ring of poison resistance

@: about to teleport, on berserk cooldown
A: horns 2, retaliatory headbutt
a: Renounce Religion, Berserk, Trog's Hand, Brothers in Arms


You were on level 4 of the Lair of Beasts.
You worshipped Trog.
Trog was greatly pleased with you.
You visited 2 branches of the dungeon, and saw 13 of its levels.

You collected 840 gold pieces.


Innate Abilities, Weirdness & Mutations

You have a pair of horns on your head.
You reflexively headbutt those who attack you in melee.


   Skills:
 - Level 13.6 Fighting
 + Level 17.9 Axes
 - Level 4.3 Throwing
 - Level 12.0 Armour
 - Level 9.1 Dodging


You had 12 spell levels left.
You didn't know any spells.
Your spell library was empty.

Inventory:

Hand Weapons
 k - the +12 broad axe of Chance (weapon) {vorpal, Str+8 Dex-3}
   (Trog gifted it to you on level 2 of the Lair of Beasts)

   It inflicts extra damage upon your enemies.
   Str:       It affects your strength (+8).
   Dex:       It affects your dexterity (-3).
 Y - a +1 war axe of flaming
Missiles
 e - 8 boomerangs (quivered)
Armour
 f - a +0 plate armour (worn)
 h - the +2 cloak "Folov" (worn) {Dex+4 SInv}
   (You found it on level 3 of the Dungeon)

   Dex:       It affects your dexterity (+4).
   SInv:      It lets you see invisible.
 p - a +2 pair of gloves of hurling (worn)
Jewellery
 g - a +6 ring of dexterity (left hand)
 l - a +4 ring of slaying {mikee}
 n - an amulet of the acrobat (around neck)
 r - a ring of poison resistance (right hand)
Scrolls
 a - a scroll of identify
 b - 4 scrolls of teleportation
Potions
 c - 6 potions of mutation
 d - a potion of resistance
 i - a potion of haste
 j - 2 potions of heal wounds {unknown}
 m - a potion of might
 o - 5 potions of curing

Dungeon Overview and Level Annotations

Branches:
Dungeon (9/15)             Temple (0/1) D:6            Lair (4/5) D:9
  Swamp (0/4) Lair:3        Snake (0/4) Lair:2        Slime (0/5) Lair:4
    Orc: D:9-12

Altars:
Cheibriados
Dithmenos
Fedhas
Hepliaklqana
Nemelex Xobeh
Okawaru
Qazlal
Ru
Trog
Vehumet
Jiyva

Shops:
D:2 (


Message History

The blink frog blinks!
You slash the death yak!
The death yak is severely wounded.
You completely miss the torpor snail. You slice the yak!! You hit the yak.
The blink frog blinks!
The torpor snail misses you. The yak gores you but does no damage.
The death yak gores you. The yak barely misses you.
You hit the yak but do no damage.
The yak is severely wounded.
You slash the blink frog!
You kill the blink frog!
Trog accepts your kill.
You slash the death yak! You barely miss the yak. You slice the torpor snail!!
The yak gores you! The death yak gores you! The torpor snail misses you.
You furiously retaliate!
You headbutt the torpor snail, but do no damage.
You hit the death yak but do no damage.
The death yak is almost dead.
You slash the yak! You slash the torpor snail! You slash the yak! x2
The yak gores you but does no damage. The yak gores you.
The death yak gores you! The yak gores you but does no damage.
You barely miss the yak.
The yak is almost dead.
You slice the torpor snail!!
You kill the torpor snail!
Trog accepts your kill.
You slice the yak!!
You kill the yak!
Trog accepts your kill.
You barely miss the death yak. You completely miss the yak.
You feel yourself speed up. The yak barely misses you. You furiously retaliate!
You headbutt the yak. The yak gores you. The death yak gores you!
15722 ||| READING 5 scrolls of teleportation.
As you read the scroll of teleportation, it crumbles to dust.
You feel strangely unstable. The komodo dragon bites you! The yak gores you!
The yak gores you but does no damage.
The blink frog blinks!
The death yak gores you!
You die...

......##P##...
..............
.............# .
...........P.###..
..#...............P
..##.$.............
..........YY...#
..........Y@.$.#
#...F.%.%¤l...#.# ####
##.#.#.......# #..####
##.%.....P.# #.....#
##.........#
......####....##PP....
#......#P.....##PP..###
#..........#.########
...........###


You could see a death yak, a komodo dragon, 2 yaks and a blink frog.

Vanquished Creatures
  A hydra (Lair:1)
  Fannar (Lair:2)
  Erica (D:8)
  A two-headed ogre (D:9)
  A death yak (Lair:4)
  Amaemon (D:8)
  5 skeletal warriors (D:7)
  A swamp dragon (Lair:3)
  Pikel (D:6)
  11 elephants
  7 black mambas
  6 cane toads
  Joseph (D:9)
  A torpor snail (Lair:4)
  An orange demon (D:8)
  3 rime drakes
  A komodo dragon (Lair:1)
  A polar bear (Lair:1)
  4 blink frogs (Lair:4)
  5 dream sheep
  36 yaks
  A vampire (D:9)
  A wraith (D:9)
  2 wyverns (Lair:3)
  A basilisk (Lair:1)
  4 steam dragons (D:9)
  2 nagas (Lair:2)
  An acid dragon (D:9)
  9 water moccasins
  Duvessa (D:6)
  A black bear (Lair:3)
  4 ice beasts
  4 sky beasts
  6 wolves
  3 lemures (D:6)
  3 centaurs
  A phantom (D:6)
  A gnoll sergeant (D:5)
  3 kobold brigands
  9 bullfrogs
  4 necrophages
  7 scorpions
  10 wights
  Dowan (D:6)
  11 killer bees
  A howler monkey (D:5)
  A quasit (D:5)
  5 hounds (D:6)
  A jelly (D:6)
  2 gnoll boudas (D:6)
  7 iguanas
  8 orc wizards
  4 hell rats (Lair:1)
  18 gnolls
  9 adders
  2 river rats (Lair:1)
  3 shadow imps
  4 white imps
  5 ufetubi (D:5)
  A worm (D:4)
  4 dart slugs (D:4)
  18 orcs
  7 bats
  8 endoplasms
  5 giant cockroaches
  12 goblins
  4 hobgoblins
  9 jackals
  9 quokkas
  14 ball pythons
  2 frilled lizards
  24 kobolds
  10 rats
377 creatures vanquished.

Vanquished Creatures (collateral kills)
  A blink frog (Lair:1)
  A yak (Lair:4)
2 creatures vanquished.

Vanquished Creatures (others)
  An iguana (Lair:3)
  12 demonic plants (D:5)
  30 fungi
  28 plants
71 creatures vanquished.

Grand Total: 450 creatures vanquished

Notes
Turn   | Place    | Note
-------+----------+-------------------------------------------
     0 | D:1      | qw the Minotaur Berserker began the quest for the Orb.
     0 | D:1      | Reached XP level 1. HP: 19/19 MP: 0/0
     0 | D:1      | 0 ||| qw: Version: 0.1-a-103-gd6f5d3a
     0 | D:1      | 0 ||| qw: Game counter: 5623
     0 | D:1      | 0 ||| qw: Always use a shield: true
     0 | D:1      | 0 ||| qw: Do Orc after D:15 true
     0 | D:1      | 0 ||| qw: Do second Lair branch before Depths: true
     0 | D:1      | 0 ||| qw: Lair rune preference: random
     0 | D:1      | 0 ||| qw: Plans: Normal
     0 | D:1      | 0 ||| PLANNING D:1-11
    94 | D:1      | Reached skill level 4 in Axes
   171 | D:1      | Reached XP level 2. HP: 25/26 MP: 1/1
   206 | D:1      | 206 ||| Stepping ~*~*~tactically~*~*~ (stealth).
   214 | D:1      | 214 ||| Stepping ~*~*~tactically~*~*~ (stealth).
   215 | D:1      | 215 ||| Stepping ~*~*~tactically~*~*~ (stealth).
   351 | D:1      | Found a faded altar of an unknown god.
   502 | D:1      | 502 ||| Stepping ~*~*~tactically~*~*~ (stealth).
   520 | D:1      | 520 ||| Stepping ~*~*~tactically~*~*~ (stealth).
   521 | D:1      | 521 ||| Stepping ~*~*~tactically~*~*~ (stealth).
   522 | D:1      | 522 ||| Stepping ~*~*~tactically~*~*~ (stealth).
   553 | D:1      | Reached skill level 5 in Axes
   702 | D:1      | 702 ||| Stepping ~*~*~tactically~*~*~ (stealth).
   711 | D:1      | Reached XP level 3. HP: 27/31 MP: 2/2
   920 | D:1      | 920 ||| UPGRADING to +0 plate armour.
   930 | D:1      | 930 ||| DROPPING +0 animal skin.
   931 | D:1      | 931 ||| UPGRADING to +6 ring of dexterity.
   932 | D:1      | 932 ||| READING 2 scrolls labelled FACATI CEXZO.
   933 | D:1      | 933 ||| READING scroll labelled QAYLOT FAFEB.
   950 | D:2      | 950 ||| Stepping ~*~*~tactically~*~*~ (stealth).
   951 | D:2      | 951 ||| Stepping ~*~*~tactically~*~*~ (stealth).
   956 | D:2      | Reached ** piety under Trog
  1064 | D:2      | 1064 ||| Stepping ~*~*~tactically~*~*~ (stealth).
  1066 | D:2      | 1066 ||| Stepping ~*~*~tactically~*~*~ (stealth).
  1075 | D:2      | 1075 ||| Stepping ~*~*~tactically~*~*~ (stealth).
  1095 | D:2      | You fall into a shaft and drop 1 floor!
  1106 | D:3      | Identified the +3 ring mail of the Bells {Harm rF+ Int-4}
  1187 | D:3      | 1187 ||| Stepping ~*~*~tactically~*~*~ (hiding).
  1196 | D:3      | Reached XP level 4. HP: 32/39 MP: 3/3
  1202 | D:3      | Reached skill level 6 in Axes
  1253 | D:3      | 1253 ||| SWAPPING to +0 war axe.
  1254 | D:3      | 1254 ||| DROPPING +0 whip.
  1255 | D:3      | 1255 ||| DROPPING +0 hand axe.
  1310 | D:3      | Found a bloodstained altar of Trog.
  1360 | D:3      | 1360 ||| DRINKING 2 emerald potions.
  1533 | D:2      | 1533 ||| Stepping ~*~*~tactically~*~*~ (stealth).
  1547 | D:2      | Found Ocaiseu's Weapon Boutique.
  1559 | D:2      | 1559 ||| SHOPLISTING +2 flail of protection (210 gold, have
                  | 109).
  1660 | D:2      | 1660 ||| UPGRADING to +0 pair of gloves.
  1665 | D:2      | 1665 ||| READING 3 scrolls labelled QIWUBL GIFAIP.
  1798 | D:2      | 1798 ||| DRINKING 2 metallic black potions.
  1799 | D:2      | 1799 ||| DROPPING potion of brilliance.
  1800 | D:2      | 1800 ||| DROPPING 2 scrolls of torment.
  1828 | D:3      | Identified the +2 cloak "Folov" {Dex+4 SInv}
  2399 | D:3      | 2399 ||| Stepping ~*~*~tactically~*~*~ (stealth).
  2617 | D:3      | 2617 ||| UPGRADING to +2 cloak "Folov" {Dex+4 SInv}.
  2622 | D:3      | 2622 ||| READING scroll labelled SAQOKH CE TAE.
  2623 | D:3      | 2623 ||| READING scroll labelled LOALAI KOEWN.
  2624 | D:3      | 2624 ||| READING scroll labelled TIPSUM FUAQIARR.
  2625 | D:3      | 2625 ||| DRINKING 2 inky potions.
  2626 | D:3      | 2626 ||| READING 2 scrolls of identify.
  2626 | D:3      | 2626 ||| IDENTIFYING smoky brown potion
  2693 | D:4      | 2693 ||| Stepping ~*~*~tactically~*~*~ (stealth).
  2771 | D:4      | 2771 ||| Stepping ~*~*~tactically~*~*~ (stealth).
  2776 | D:4      | 2776 ||| Stepping ~*~*~tactically~*~*~ (stealth).
  2784 | D:4      | Reached *** piety under Trog
  2785 | D:4      | Reached skill level 3 in Armour
  2788 | D:4      | 2788 ||| Stepping ~*~*~tactically~*~*~ (stealth).
  2789 | D:4      | 2789 ||| Stepping ~*~*~tactically~*~*~ (stealth).
  2820 | D:4      | 2820 ||| Stepping ~*~*~tactically~*~*~ (stealth).
  2850 | D:4      | 2850 ||| Stepping ~*~*~tactically~*~*~ (stealth).
  2919 | D:4      | Reached XP level 5. HP: 45/45 MP: 4/4
  3172 | D:4      | 3172 ||| Stepping ~*~*~tactically~*~*~ (hiding).
  3194 | D:4      | Reached skill level 7 in Axes
  3211 | D:4      | Reached XP level 6. HP: 42/53 MP: 5/5
  3211 | D:4      | 3211 ||| FLEEEEING.
  3386 | D:4      | Reached skill level 8 in Axes
  3422 | D:4      | 3422 ||| DROPPING +0 flail.
  3630 | D:4      | 3630 ||| Stepping ~*~*~tactically~*~*~ (hiding).
  3816 | D:4      | 3816 ||| DROPPING scarf of shadows.
  3817 | D:4      | 3817 ||| DROPPING amulet of faith.
  3818 | D:4      | 3818 ||| UPGRADING to amulet of the acrobat.
  3823 | D:4      | 3823 ||| READING scroll labelled HISMIHU HIRE.
  3824 | D:4      | 3824 ||| DRINKING 2 bubbling blue potions.
  3869 | D:4      | 3869 ||| STAIRDANCE
  3920 | D:5      | Entered Level 5 of the Dungeon
  3940 | D:5      | 3940 ||| Stepping ~*~*~tactically~*~*~ (hiding).
  3943 | D:5      | 3943 ||| Stepping ~*~*~tactically~*~*~ (stealth).
  3944 | D:5      | 3944 ||| Stepping ~*~*~tactically~*~*~ (stealth).
  3990 | D:5      | Reached skill level 9 in Axes
  3990 | D:5      | Reached XP level 7. HP: 44/60 MP: 6/6
  4109 | D:5      | 4109 ||| Stepping ~*~*~tactically~*~*~ (hiding).
  4112 | D:5      | 4112 ||| Stepping ~*~*~tactically~*~*~ (stealth).
  4113 | D:5      | 4113 ||| Stepping ~*~*~tactically~*~*~ (stealth).
  4227 | D:5      | 4227 ||| Stepping ~*~*~tactically~*~*~ (stealth).
  4234 | D:5      | 4234 ||| Stepping ~*~*~tactically~*~*~ (stealth).
  4301 | D:5      | 4301 ||| Stepping ~*~*~tactically~*~*~ (stealth).
  4309 | D:5      | 4309 ||| Stepping ~*~*~tactically~*~*~ (stealth).
  4426 | D:5      | 4426 ||| DRINKING potion of curing.
  4426 | D:5      | 4426 ||| (to cure confusion)
  4429 | D:5      | Reached **** piety under Trog
  4430 | D:5      | Reached skill level 10 in Axes
  4450 | D:5      | 4450 ||| Stepping ~*~*~tactically~*~*~ (stealth).
  4451 | D:5      | 4451 ||| FLEEEEING.
  4452 | D:5      | 4452 ||| FLEEEEING.
  4453 | D:5      | 4453 ||| FLEEEEING.
  4454 | D:5      | 4454 ||| FLEEEEING.
  4455 | D:5      | 4455 ||| FLEEEEING.
  4456 | D:5      | 4456 ||| FLEEEEING.
  4457 | D:5      | 4457 ||| FLEEEEING.
  4458 | D:5      | 4458 ||| FLEEEEING.
  4459 | D:5      | 4459 ||| FLEEEEING.
  4461 | D:5      | 4461 ||| FLEEEEING.
  4462 | D:5      | 4462 ||| FLEEEEING.
  4463 | D:5      | 4463 ||| FLEEEEING.
  4464 | D:5      | 4464 ||| FLEEEEING.
  4465 | D:5      | 4465 ||| FLEEEEING.
  4467 | D:5      | 4467 ||| FLEEEEING.
  4469 | D:5      | 4469 ||| FLEEEEING.
  4470 | D:5      | 4470 ||| FLEEEEING.
  4471 | D:5      | 4471 ||| FLEEEEING.
  4597 | D:5      | Reached XP level 8. HP: 69/69 MP: 7/7
  4681 | D:5      | Reached skill level 3 in Dodging
  4745 | D:5      | 4745 ||| Stepping ~*~*~tactically~*~*~ (stealth).
  4752 | D:5      | 4752 ||| Stepping ~*~*~tactically~*~*~ (stealth).
  4753 | D:5      | 4753 ||| Stepping ~*~*~tactically~*~*~ (stealth).
  4756 | D:5      | 4756 ||| Stepping ~*~*~tactically~*~*~ (stealth).
  4757 | D:5      | 4757 ||| Stepping ~*~*~tactically~*~*~ (stealth).
  4769 | D:5      | 4769 ||| Stepping ~*~*~tactically~*~*~ (stealth).
  4771 | D:5      | 4771 ||| Stepping ~*~*~tactically~*~*~ (hiding).
  4881 | D:5      | 4881 ||| READING scroll labelled RIUTHRI ZALI.
  4884 | D:5      | 4884 ||| READING 2 scrolls of identify.
  4884 | D:5      | 4884 ||| IDENTIFYING fizzy purple potion
  4890 | D:5      | Reached skill level 6 in Fighting
  5077 | D:5      | 5077 ||| DROPPING potion of lignification.
  5121 | D:6      | 5121 ||| INVOKING Berserk.
  5232 | D:6      | 5232 ||| Stepping ~*~*~tactically~*~*~ (stealth).
  5236 | D:6      | Found a staircase to the Ecumenical Temple.
  5237 | D:6      | 5237 ||| Stepping ~*~*~tactically~*~*~ (stealth).
  5308 | D:6      | Noticed Duvessa
  5308 | D:6      | Noticed Dowan
  5311 | D:6      | 5311 ||| INVOKING Berserk.
  5313 | D:6      | Killed Duvessa
  5315 | D:6      | Found a sacrificial altar of Ru.
  5317 | D:6      | Killed Dowan
  5371 | D:6      | Reached skill level 11 in Axes
  5374 | D:6      | 5374 ||| INVOKING Berserk.
  5616 | D:6      | 5616 ||| Stepping ~*~*~tactically~*~*~ (hiding).
  5617 | D:6      | 5617 ||| Stepping ~*~*~tactically~*~*~ (hiding).
  5728 | D:6      | 5728 ||| Stepping ~*~*~tactically~*~*~ (hiding).
  5730 | D:6      | 5730 ||| Stepping ~*~*~tactically~*~*~ (hiding).
  5733 | D:6      | 5733 ||| Stepping ~*~*~tactically~*~*~ (hiding).
  5734 | D:6      | 5734 ||| Stepping ~*~*~tactically~*~*~ (stealth).
  5735 | D:6      | 5735 ||| INVOKING Berserk.
  5751 | D:6      | Reached skill level 12 in Axes
  5967 | D:6      | Reached skill level 6 in Armour
  5967 | D:6      | Reached XP level 9. HP: 58/75 MP: 8/8
  6045 | D:6      | Noticed Pikel
  6053 | D:6      | 6053 ||| INVOKING Berserk.
  6062 | D:6      | Killed Pikel
  6578 | D:6      | 6578 ||| UPGRADING to ring of poison resistance.
  6579 | D:6      | 6579 ||| READING scroll labelled XEUTRU TALETHUKHU.
  6580 | D:6      | 6580 ||| READING scroll labelled TUD RISMIKAXUM.
  6581 | D:6      | 6581 ||| READING scroll labelled KAPSAC YMEA.
  6654 | D:7      | Reached skill level 13 in Axes
  6665 | D:7      | Found a hazy altar of Hepliaklqana.
  6757 | D:7      | Noticed a skeletal warrior
  6762 | D:7      | 6762 ||| INVOKING Berserk.
  6770 | D:7      | Killed a skeletal warrior
  6847 | D:7      | Noticed a skeletal warrior
  6852 | D:7      | 6852 ||| INVOKING Berserk.
  6858 | D:7      | Killed a skeletal warrior
  6859 | D:7      | Reached XP level 10. HP: 88/88 MP: 9/9
  6911 | D:7      | Noticed a skeletal warrior
  6916 | D:7      | 6916 ||| INVOKING Berserk.
  6927 | D:7      | Killed a skeletal warrior
  6928 | D:7      | Reached skill level 9 in Fighting
  7032 | D:7      | 7032 ||| SWAPPING to +2 vorpal war axe.
  7033 | D:7      | 7033 ||| DROPPING +1 war axe.
  7034 | D:7      | Noticed a skeletal warrior
  7039 | D:7      | 7039 ||| INVOKING Berserk.
  7047 | D:7      | Killed a skeletal warrior
  7174 | D:7      | 7174 ||| SWAPPING to +1 war axe of flaming.
  7175 | D:7      | 7175 ||| DROPPING +2 vorpal war axe.
  7176 | D:7      | 7176 ||| DROPPING -2 eveningstar.
  7179 | D:7      | Noticed a skeletal warrior
  7180 | D:7      | 7180 ||| INVOKING Berserk.
  7183 | D:7      | Killed a skeletal warrior
  7184 | D:7      | Reached skill level 14 in Axes
  7312 | D:7      | Found a radiant altar of Vehumet.
  7313 | D:7      | 7313 ||| Stepping ~*~*~tactically~*~*~ (stealth).
  7326 | D:7      | 7326 ||| FLEEEEING.
  7327 | D:7      | 7327 ||| FLEEEEING.
  7328 | D:7      | 7328 ||| FLEEEEING.
  7330 | D:7      | 7330 ||| FLEEEEING.
  7331 | D:7      | 7331 ||| FLEEEEING.
  7332 | D:7      | 7332 ||| FLEEEEING.
  7333 | D:7      | 7333 ||| FLEEEEING.
  7453 | D:7      | Identified the +1 ring mail of Generosity {Dex+2}
  7492 | D:7      | Found a blossoming altar of Fedhas.
  7492 | D:7      | Found a snail-covered altar of Cheibriados.
  7582 | D:7      | Found a stormy altar of Qazlal.
  7710 | D:7      | Reached skill level 1 in Throwing
  7829 | D:7      | 7829 ||| Stepping ~*~*~tactically~*~*~ (hiding).
  7913 | D:7      | 7913 ||| READING 2 scrolls of identify.
  7913 | D:7      | 7913 ||| IDENTIFYING black potion
  7955 | D:8      | 7955 ||| STAIRDANCE
  7960 | D:8      | 7960 ||| STAIRDANCE
  8038 | D:8      | Reached skill level 15 in Axes
  8159 | D:8      | Reached ***** piety under Trog
  8246 | D:8      | 8246 ||| Stepping ~*~*~tactically~*~*~ (hiding).
  8249 | D:8      | 8249 ||| Stepping ~*~*~tactically~*~*~ (hiding).
  8447 | D:8      | Noticed an orange demon
  8448 | D:8      | Noticed Amaemon
  8456 | D:8      | 8456 ||| INVOKING Berserk.
  8457 | D:8      | Killed an orange demon
  8464 | D:8      | Killed Amaemon
  8465 | D:8      | Reached XP level 11. HP: 97/97 MP: 10/10
  8693 | D:8      | Found a shadowy altar of Dithmenos.
  8900 | D:8      | Noticed Erica
  8901 | D:8      | 8901 ||| INVOKING Brothers in Arms.
  8902 | D:8      | 8902 ||| INVOKING Berserk.
  8906 | D:8      | Killed Erica
  8907 | D:8      | Reached skill level 16 in Axes
  9085 | D:8      | 9085 ||| READING 4 scrolls of identify.
  9085 | D:8      | 9085 ||| IDENTIFYING metallic emerald potion
  9086 | D:8      | 9086 ||| READING 3 scrolls of identify.
  9086 | D:8      | 9086 ||| IDENTIFYING red potion
  9087 | D:8      | 9087 ||| DROPPING potion of degeneration.
  9088 | D:8      | 9088 ||| DROPPING potion of flight.
  9184 | D:7      | 9184 ||| READING 6 scrolls of teleportation.
  9267 | D:7      | 9267 ||| READING 5 scrolls of teleportation.
  9345 | D:9      | 9345 ||| STAIRDANCE
  9428 | D:9      | 9428 ||| INVOKING Berserk.
  9729 | D:9      | Found a staircase to the Lair.
  9746 | D:9      | 9746 ||| FLEEEEING.
  9754 | D:9      | 9754 ||| Stepping ~*~*~tactically~*~*~ (hiding).
  9756 | D:9      | 9756 ||| INVOKING Berserk.
  9775 | D:9      | Reached skill level 9 in Armour
  9775 | D:9      | Noticed a two-headed ogre
  9781 | D:9      | HP: 24/99 [two-headed ogre/+0 giant club (15)]
  9782 | D:9      | 9782 ||| READING 4 scrolls of teleportation.
  9785 | D:9      | Killed a two-headed ogre
  9786 | D:9      | Reached skill level 3 in Throwing
 10095 | D:9      | Reached skill level 6 in Dodging
 10273 | D:9      | Found a sparkling altar of Nemelex Xobeh.
 10308 | D:9      | Noticed Joseph
 10323 | D:9      | Killed Joseph
 10624 | D:9      | 10624 ||| Stepping ~*~*~tactically~*~*~ (stealth).
 10849 | D:9      | Found an iron altar of Okawaru.
 10926 | D:9      | 10926 ||| PLANNING LAIR
 10926 | D:9      | 10926 ||| UPGRADING to +1 pair of gloves of hurling.
 10936 | D:9      | 10936 ||| DROPPING +0 pair of gloves.
 10937 | D:9      | 10937 ||| READING 2 scrolls of identify.
 10937 | D:9      | 10937 ||| IDENTIFYING white potion
 10938 | D:9      | 10938 ||| DROPPING potion of attraction.
 10961 | Lair:1   | Entered Level 1 of the Lair of Beasts
 10963 | Lair:1   | 10963 ||| INVOKING Berserk.
 11123 | Lair:1   | 11123 ||| INVOKING Berserk.
 11273 | Lair:1   | 11273 ||| INVOKING Berserk.
 11396 | Lair:1   | 11396 ||| INVOKING Berserk.
 11626 | Lair:1   | Noticed a five-headed hydra
 11630 | Lair:1   | 11630 ||| INVOKING Berserk.
 11632 | Lair:1   | Killed a four-headed hydra
 11822 | Lair:1   | 11822 ||| DRINKING potion of cancellation.
 12029 | Lair:1   | 12029 ||| Stepping ~*~*~tactically~*~*~ (stealth).
 12036 | Lair:1   | 12036 ||| Stepping ~*~*~tactically~*~*~ (stealth).
 12052 | Lair:1   | 12052 ||| INVOKING Berserk.
 12065 | Lair:1   | 12065 ||| INVOKING Brothers in Arms.
 12506 | Lair:1   | 12506 ||| READING scroll labelled ULADIACKIE.
 12507 | Lair:1   | 12507 ||| READING scroll labelled UNYFUXZ SODDI.
 12508 | Lair:1   | 12508 ||| READING 2 scrolls of identify.
 12508 | Lair:1   | 12508 ||| IDENTIFYING viscous coppery potion
 12545 | Lair:2   | 12545 ||| Stepping ~*~*~tactically~*~*~ (stealth).
 12546 | Lair:2   | 12546 ||| INVOKING Berserk.
 12554 | Lair:2   | Reached XP level 12. HP: 111/111 MP: 11/11
 12565 | Lair:2   | 12565 ||| FLEEEEING.
 12566 | Lair:2   | 12566 ||| FLEEEEING.
 12567 | Lair:2   | 12567 ||| FLEEEEING.
 12568 | Lair:2   | 12568 ||| FLEEEEING.
 12569 | Lair:2   | 12569 ||| FLEEEEING.
 12570 | Lair:2   | 12570 ||| FLEEEEING.
 12571 | Lair:2   | 12571 ||| STAIRDANCE
 12673 | Lair:1   | 12673 ||| READING 2 scrolls of identify.
 12673 | Lair:1   | 12673 ||| IDENTIFYING viscous inky potion
 12674 | Lair:1   | 12674 ||| DROPPING potion of ambrosia.
 12690 | Lair:2   | 12690 ||| FLEEEEING.
 12691 | Lair:2   | 12691 ||| STAIRDANCE
 12742 | Lair:2   | Reached skill level 12 in Fighting
 12794 | Lair:2   | 12794 ||| FLEEEEING.
 12796 | Lair:2   | 12796 ||| STAIRDANCE
 12911 | Lair:2   | 12911 ||| Stepping ~*~*~tactically~*~*~ (hiding).
 12913 | Lair:2   | 12913 ||| Stepping ~*~*~tactically~*~*~ (hiding).
 12918 | Lair:2   | Found a staircase to the Snake Pit.
 12938 | Lair:2   | 12938 ||| FLEEEEING.
 12939 | Lair:2   | 12939 ||| STAIRDANCE
 13084 | Lair:2   | 13084 ||| STAIRDANCE
 13278 | Lair:2   | 13278 ||| Stepping ~*~*~tactically~*~*~ (stealth).
 13415 | Lair:2   | Noticed Fannar
 13416 | Lair:2   | 13416 ||| Stepping ~*~*~tactically~*~*~ (hiding).
 13417 | Lair:2   | 13417 ||| Stepping ~*~*~tactically~*~*~ (hiding).
 13424 | Lair:2   | Killed Fannar
 13565 | Lair:2   | 13565 ||| Stepping ~*~*~tactically~*~*~ (stealth).
 13567 | Lair:2   | 13567 ||| Stepping ~*~*~tactically~*~*~ (stealth).
 13569 | Lair:2   | 13569 ||| Stepping ~*~*~tactically~*~*~ (stealth).
 13571 | Lair:2   | 13571 ||| Stepping ~*~*~tactically~*~*~ (hiding).
 13618 | Lair:2   | Reached skill level 12 in Armour
 13838 | Lair:2   | Reached skill level 9 in Dodging
 14299 | Lair:2   | 14299 ||| Stepping ~*~*~tactically~*~*~ (stealth).
 14307 | Lair:2   | 14307 ||| Stepping ~*~*~tactically~*~*~ (hiding).
 14477 | Lair:2   | 14477 ||| READING 2 scrolls labelled EFRUMA VIFI.
 14478 | Lair:2   | 14478 ||| READING scroll of enchant armour.
 14478 | Lair:2   | 14478 ||| ENCHANTING +1 pair of gloves of hurling.
 14498 | Lair:3   | 14498 ||| STAIRDANCE
 14500 | Lair:3   | 14500 ||| STAIRDANCE
 14505 | Lair:2   | Identified the +12 broad axe of Chance {vorpal, Str+8
                  | Dex-3} (Trog gifted it to you on level 2 of the Lair of
                  | Beasts)
 14505 | Lair:2   | Received a gift from Trog
 14629 | Lair:2   | 14629 ||| SWAPPING to +12 broad axe of Chance {vorpal,
                  | Str+8 Dex-3}.
 14683 | Lair:3   | 14683 ||| Stepping ~*~*~tactically~*~*~ (hiding).
 14706 | Lair:3   | 14706 ||| Stepping ~*~*~tactically~*~*~ (stealth).
 14707 | Lair:3   | 14707 ||| Stepping ~*~*~tactically~*~*~ (stealth).
 14726 | Lair:3   | Reached XP level 13. HP: 97/122 MP: 12/12
 14974 | Lair:3   | Found a staircase to the Swamp.
 15059 | Lair:3   | 15059 ||| INVOKING Berserk.
 15195 | Lair:3   | 15195 ||| FLEEEEING.
 15196 | Lair:3   | 15196 ||| FLEEEEING.
 15197 | Lair:3   | 15197 ||| FLEEEEING.
 15198 | Lair:3   | 15198 ||| FLEEEEING.
 15199 | Lair:3   | 15199 ||| FLEEEEING.
 15200 | Lair:3   | 15200 ||| FLEEEEING.
 15201 | Lair:3   | 15201 ||| FLEEEEING.
 15202 | Lair:3   | 15202 ||| FLEEEEING.
 15203 | Lair:3   | 15203 ||| FLEEEEING.
 15204 | Lair:3   | 15204 ||| FLEEEEING.
 15205 | Lair:3   | 15205 ||| FLEEEEING.
 15215 | Lair:3   | Reached skill level 17 in Axes
 15630 | Lair:4   | 15630 ||| Stepping ~*~*~tactically~*~*~ (stealth).
 15685 | Lair:4   | Found a viscous altar of Jiyva.
 15687 | Lair:4   | Found a staircase to the Slime Pits.
 15696 | Lair:4   | 15696 ||| INVOKING Brothers in Arms.
 15700 | Lair:4   | 15700 ||| INVOKING Berserk.
 15721 | Lair:4   | HP: 26/122 [death yak[a torpor snail] (8)]
 15722 | Lair:4   | 15722 ||| READING 5 scrolls of teleportation.
 15722 | Lair:4   | HP: 6/122 [yak (9)]
 15722 | Lair:4   | Slain by a death yak

Levels and vault maps discovered:
D:1:      ncdulo_lavacross, layout_loops_cross,
          ebering_ecumenical_altar_sacrificial, minivault_19
D:2:      layout_rooms, serial_shops, shop
D:3:      layout_loops_corners, mainiacjoe_overflow_catwalk
D:4:      old_forge, layout_cave_pods, amethyst_killhole
D:5:      layout_basic, serial_demonic, serial_demonic_e, serial_demonic_f,
          serial_demonic_b, serial_demonic_d, serial_demonic_b,
          serial_demonic_g, serial_demonic_g,
          minmay_a_box_with_orc_wizards_in_it
D:6:      minmay_bubble_buster, layout_loops_ring, hangedman_ru_absence,
          minmay_temple_entry_water_ring, uniq_pikel, uniq_duvessa
D:7:      layout_gridville, nicolae_hepliaklqana_hazy_memory,
          grunt_qazlal_sundering, grunt_temple_overflow_open,
          lightli_bailey_entry_fortress, grunt_ministairs_7
D:8:      layout_basic, grunt_dithmenos_smoke, uniq_erica, uniq_amaemon
D:9:      kennysheep_steamy, layout_long_grid, kennysheep_okawaru_gauntlet,
          mainiacjoe_overflow_tiny_flanked, minmay_misc_feat_pillars,
          uniq_joseph
Lair:1:   layout_cave_pods, kennysheep_abandoned_house
Lair:2:   layout_small_grid, guppyfry_snake_entry_garden, grunt_megastairs_5,
          serial_bayou_shore_b, uniq_fannar
Lair:3:   layout_concentric_octagons, minmay_swamp_entry_reptiles
Lair:4:   layout_layer_cave, slime_entry_1, lemuel_fruit_fields,
          serial_bayou_shore_b

Skill      XL: |  1  2  3  4  5  6  7  8  9 10 11 12 13 |
---------------+----------------------------------------+-----
Axes           | 4 5 6 7 9 10 12 13 15 16 17 | 17.9
Armour         | 3 5 6 7 8 10 12 | 12.0
Fighting       | 4 5 6 7 9 11 13 | 13.6
Dodging        | 3 5 7 9 |  9.1
Throwing       | 2 3 4 |  4.3

Action                   |  1- 3 |  4- 6 |  7- 9 | 10-12 | 13-15 || total
-------------------------+-------+-------+-------+-------+-------++-------
Melee: Hand axe          |    83 |     4 |       |       |       ||    87
       Headbutt          |     9 |    28 |    37 |   117 |    11 ||   202
       Punch             |     1 |     1 |     2 |     7 |     2 ||    13
       War axe           |       |   135 |   191 |   412 |       ||   738
       Broad axe         |       |       |       |    18 |    48 ||    66
Throw: Boomerang         |       |       |       |   110 |    14 ||   124
Invok: Berserk           |       |       |     7 |    14 |     2 ||    23
       Brothers in Arms  |       |       |       |     2 |     1 ||     3
  Use: Scroll            |     2 |     6 |     5 |    13 |     1 ||    27
       Potion            |       |     4 |     1 |     1 |       ||     6
Armor: Animal skin       |     5 |       |       |       |       ||     5
       Plate armour      |    12 |   102 |    90 |   153 |    28 ||   385
Dodge: Dodged            |    39 |    51 |    80 |   185 |    31 ||   386

Table legend:
 A = Non-vault XP
 B = Vault XP
 C = Vault XP percentage of total XP
 D = Non-vault monster count
 E = Vault monster count
 F = Vault count percentage of total count
                 A         B        C        D         E       F
            +---------+---------+-------+---------+---------+-------
      Total |   37406 |    8342 |  18.2 |     294 |      83 |  22.0
            +---------+---------+-------+---------+---------+-------
        D:1 |      44 |       0 |   0.0 |      26 |       0 |   0.0
        D:2 |      54 |       0 |   0.0 |      19 |       0 |   0.0
        D:3 |      64 |       0 |   0.0 |      23 |       0 |   0.0
        D:4 |      67 |     445 |  86.9 |      23 |      13 |  36.1
        D:5 |     651 |     321 |  33.0 |      19 |      14 |  42.4
        D:6 |     802 |    1524 |  65.5 |      20 |      16 |  44.4
        D:7 |    4852 |     246 |   4.8 |      23 |      14 |  37.8
        D:8 |    1302 |    2009 |  60.7 |      29 |       3 |   9.4
        D:9 |    4538 |     822 |  15.3 |      23 |       3 |  11.5
     Lair:1 |    3022 |     438 |  12.7 |       9 |      12 |  57.1
     Lair:2 |   13198 |    1622 |  10.9 |      46 |       4 |   8.0
     Lair:3 |    4313 |     915 |  17.5 |      18 |       4 |  18.2
     Lair:4 |    4499 |       0 |   0.0 |      16 |       0 |   0.0
            +---------+---------+-------+---------+---------+-------
